 Dungeon Crawl Stone Soup version 0.26-a0-30-g56b8cd3df0 (webtiles) character file.

Game seed: 15341321467831280088, levelgen mode: deterministic

450 vurker the Magician (level 6, 0/50 HPs)
             Began as a Demigod Wizard on June 3, 2020.
             Slain by an orc wizard
             ... wielding a +0 dagger
              (2 damage)
             ... on level 4 of the Dungeon.
             The game lasted 00:05:36 (4448 turns).

vurker the Magician (Demigod Wizard)                Turns: 4448, Time: 00:05:36

Health: 0/50       AC:  4    Str: 13    XL:     6   Next: 45%
Magic:  11/16      EV: 12    Int: 28    God:
Gold:   229        SH:  0    Dex: 20    Spells: 9/14 levels left

rFire    . . .     SeeInvis .   f - +1 whip (elec)
rCold    . . .     Gourm    .   (no shield)
rNeg     + . .     Faith    .   a - +0 robe
rPois    .         Spirit   .   s - +0 helmet
rElec    .         Reflect  .   k - +0 cloak
rCorr    .         Harm     .   (no gloves)
MR       .....                  (no boots)
Stlth    +.........             (no amulet)
HPRegen  0.16/turn              i - +6 ring of dexterity
MPRegen  0.15/turn              b - ring of the Catfish {rN+ Str+3 Int+2 Stlth-}

@: no status effects
A: high mp 1
a: no special abilities


You were on level 4 of the Dungeon.
You were not hungry.

You visited 1 branch of the dungeon, and saw 5 of its levels.

You collected 229 gold pieces.

Inventory:

Hand Weapons
 f - a +1 whip of electrocution (weapon)
   (You took it off a kobold on level 1 of the Dungeon)
Armour
 a - a +0 robe (worn)
 k - a +0 cloak (worn)
   (You found it on level 2 of the Dungeon)
 s - a +0 helmet (worn)
   (You found it on level 2 of the Dungeon)
Jewellery
 b - the ring of the Catfish (right hand) {rN+ Str+3 Int+2 Stlth-}
   (You found it on level 4 of the Dungeon)

   [ring of attention]

   It affects your strength (+3).
   It affects your intelligence (+2).
   It protects you from negative energy.
   It makes you less stealthy.
 i - a +6 ring of dexterity (left hand)
   (You found it on level 1 of the Dungeon)
Scrolls
 c - a scroll of magic mapping {unknown}
 d - a scroll of fear {unknown}
 g - 3 scrolls of identify {unknown}
 h - a scroll of remove curse {unknown}
 l - 2 scrolls of blinking
 n - a scroll of enchant weapon {unknown}
 p - a scroll of random uselessness {unknown}
 q - 2 scrolls of teleportation {unknown}
 r - a scroll of fog {unknown}
Potions
 j - a potion of heal wounds {unknown}
 m - 2 potions of curing
 o - a potion of degeneration {unknown}
Comestibles
 e - 6 rations


   Skills:
 + Level 2.5 Fighting
 - Level 1.7 Dodging
 - Level 1.7 Stealth
 * Level 4.5 Spellcasting
 * Level 4.1 Conjurations
 - Level 0.8 Summonings
 - Level 0.8 Translocations


You had 9 spell levels left.
You knew the following spells:

 Your Spells              Type           Power        Failure   Level  Hunger
a - Magic Dart            Conj           ####         1%          1    None
b - Call Imp              Summ           ##......     8%          2    None
w - Blink                 Tloc           N/A          8%          2    None

Your spell library contained the following spells:

 Spells                   Type           Power        Failure   Level  Hunger
 Apportation              Tloc           ##....       4%          1    None
 Summon Small Mammal      Summ           ##..         4%          1    None
 Animate Skeleton         Necr           N/A          7%          1    None
 Corona                   Hex            #......      7%          1    None
 Conjure Flame            Conj/Fire      ###.....     9%          3    ##.....
 Slow                     Hex            #.......     11%         2    None
 Mephitic Cloud           Conj/Pois/Air  ##......     12%         3    ##.....


Dungeon Overview and Level Annotations

Branches:
Dungeon (5/15)             Temple (0/1) D:4


Innate Abilities, Weirdness & Mutations

You have an increased reservoir of magic. (+10% MP)


Message History

Are you sure you want to stumble around while confused and next to your crimson imp?
Okay, then.
Unknown command.
Are you sure you want to stumble around while confused and next to your crimson imp? [Y]es or [N]o only, please.
Are you sure you want to stumble around while confused and next to your crimson imp? [Y]es or [N]o only, please.
Are you sure you want to stumble around while confused and next to your crimson imp?
Okay, then.
Unknown command.
Unknown command.
You feel better.
Your crimson imp blinks!
Something hits you.
* * * LOW HITPOINT WARNING * * *
The orc hits you with a +0 dagger.
* * * LOW HITPOINT WARNING * * *
Your shadow imp barely misses something.
Unknown command.
Unknown command.
You hit the orc but do no damage. Lightning courses through the orc!
You kill the orc!
You hear some strange, mumbled words.
A magic dart appears from out of thin air!
The magic dart hits you.
* * * LOW HITPOINT WARNING * * *
Your shadow imp hits something.
Unknown command.
You closely miss something. Something hits you but does no damage.
Your shadow imp hits something.
You hear some strange, mumbled words.
A puff of flame appears from out of thin air!
The puff of flame hits you!
* * * LOW HITPOINT WARNING * * *
You miss something.
Your crimson imp disappears in a puff of smoke!
Your shadow imp closely misses something.
Something hits you but does no damage.
Your shadow imp closely misses something.
Unknown command.
Unknown command.
You closely miss something. Something hits you but does no damage.
Your shadow imp hits something.
Unknown command.
Unknown command.
You miss something. Something hits you.
You die...

####### #########
..#...######........
#..........#.######
#..........#......#
#..............5{.## #
#.##'##........)@).#.#
##.##..........).#.##..
#8.8#.#..............o.
##.##.#............##o.
#.##..............#...#+#+#+#
##.##.##.#.........#.#.#.#...#
#8.8#..............#.#.......#
####.###########.....#.........#
#8##.##8##8##8##.....#.........#


You could see a friendly shadow imp (summoned).

Vanquished Creatures
  A sky beast (D:4)
  An ogre (D:4)
  A crimson imp (D:4)
  2 orc priests (D:4)
  An orc wizard (D:4)
  2 worker ants (D:4)
  7 adders
  2 dart slugs
  6 leopard geckos
  3 orcs (D:4)
  A bat (D:2)
  2 giant cockroaches (D:1)
  5 goblins
  6 hobgoblins
  9 kobolds
  A quokka (D:2)
  5 frilled lizards (D:2)
  A leopard gecko skeleton (D:2)
  8 rats
64 creatures vanquished.

Vanquished Creatures (collateral kills)
  An ooze (D:4)
  An orc (D:4)
2 creatures vanquished.

Grand Total: 66 creatures vanquished

Notes
Turn   | Place    | Note
-------+----------+-------------------------------------------
     0 | D:1      | vurker the Demigod Wizard began the quest for the Orb.
     0 | D:1      | Reached XP level 1. HP: 14/14 MP: 6/6
    80 | D:1      | Reached skill level 1 in Conjurations
   362 | D:1      | Reached XP level 2. HP: 22/22 MP: 5/8
  1340 | D:2      | Learned a level 2 spell: Call Imp
  1343 | D:2      | Learned a level 2 spell: Blink
  1486 | D:2      | Reached XP level 3. HP: 27/27 MP: 6/10
  1539 | D:2      | Reached skill level 1 in Fighting
  2107 | D:2      | Reached XP level 4. HP: 35/35 MP: 8/12
  2800 | D:3      | Found a faded altar of an unknown god.
  3062 | D:3      | You fall into a shaft and drop 2 floors!
  3062 | D:5      | Entered Level 5 of the Dungeon
  3358 | D:4      | Noticed a sky beast
  3634 | D:4      | Reached XP level 5. HP: 31/41 MP: 1/13
  3848 | D:4      | Got a brightly glowing jade ring
  3860 | D:4      | Identified the ring of the Catfish {rN+ Str+3 Int+2 Stlth-}
                  | (You found it on level 4 of the Dungeon)
  3918 | D:4      | Found a staircase to the Ecumenical Temple.
  3986 | D:4      | Noticed an ogre
  3994 | D:4      | Killed an ogre
  4140 | D:4      | Killed a sky beast
  4140 | D:4      | Reached XP level 6. HP: 18/50 MP: 0/15
  4445 | D:4      | HP: 2/50 [something/puff of flame (8)]
  4448 | D:4      | Slain by an orc wizard

Illustrated notes

Levels and vault maps discovered:
D:1:      onia_arrival_mini_maze_b, layout_basic, minivault_26
D:2:      layout_basic
D:3:      layout_basic, chequers_ecumenical_altar_twisty,
          minmay_splitting_lines, corexii_shack, uniq_ijyb
D:4:      layout_basic, minmay_temple_entry_drinking_statues, first_ration,
          grunt_ministairs_8, dk_noncrumbling_2, serial_bayou_pond_c
D:5:      layout_basic, kennysheep_little_box

Skill      XL: |  1  2  3  4  5  6 |
---------------+-------------------+-----
Conjurations   | 1 2 3 4 |  4.1
Spellcasting   | 3 4 |  4.5
Fighting       | 1 2 |  2.5
Dodging        | |  1.7
Stealth        | |  1.7
Summonings     | |  0.8
Translocations | |  0.8

Action                   |  1- 3 |  4- 6 || total
-------------------------+-------+-------++-------
Melee: Whip              |    29 |    36 ||    65
 Cast: Magic Dart        |    79 |    80 ||   159
       Call Imp          |       |     6 ||     6
  Use: Scroll            |       |     1 ||     1
       Potion            |       |     2 ||     2
 Stab: Distracted        |       |     1 ||     1
       Sleeping          |       |     1 ||     1
  Eat: Chunk             |     3 |     6 ||     9
       Ration            |       |     1 ||     1
Armor: Robe              |     6 |    18 ||    24
Dodge: Dodged            |    30 |    34 ||    64

Table legend:
 A = Non-vault XP
 B = Vault XP
 C = Vault XP percentage of total XP
 D = Non-vault monster count
 E = Vault monster count
 F = Vault count percentage of total count
                 A         B        C        D         E       F
            +---------+---------+-------+---------+---------+-------
      Total |     592 |      51 |   7.9 |      64 |       2 |   3.0
            +---------+---------+-------+---------+---------+-------
        D:1 |      36 |       0 |   0.0 |      18 |       0 |   0.0
        D:2 |      92 |       0 |   0.0 |      28 |       0 |   0.0
        D:3 |      29 |       1 |   3.3 |       4 |       1 |  20.0
        D:4 |     435 |      50 |  10.3 |      14 |       1 |   6.7
            +---------+---------+-------+---------+---------+-------
